 Dungeon Crawl Stone Soup version 0.26-a0-663-g36e8fdb655 (webtiles) character file.

Game seed: 4734247766986276994

23913 demenzo the Cleaver (level 13, -1/114 HPs)
             Began as a Hill Orc Fighter on Oct 10, 2020.
             Was a High Priest of Beogh.
             Killed from afar by an efreet (12 damage)
             ... with a bolt of fire
             ... in a volcano.
             The game lasted 00:37:45 (21035 turns).

demenzo the Cleaver (Hill Orc Fighter)             Turns: 21035, Time: 00:37:45

Health: -1/114     AC: 30    Str: 20    XL:     13   Next: 9%
Magic:  0/23       EV:  6    Int:  8    God:    Beogh [*****.]
Gold:   1048       SH: 12    Dex: 14    Spells: 12/12 levels left

rFire    . . .     SeeInvis .   a - +0 war axe
rCold    . . .     Faith    .   c - +0 kite shield
rNeg     . . .     Spirit   +   U - +2 plate armour {rPois}
rPois    +         Reflect  .   Y - +2 helmet
rElec    .         Harm     .   t - scarf {+Inv}
rCorr    .         Rampage  .   (no gloves)
MR       .....                  i - +1 pair of boots
Stlth    ..........             p - amulet of guardian spirit
HPRegen  0.29/turn              Q - +4 ring of protection
MPRegen  0.18/turn              V - +4 ring of protection

@: no status effects
A: walk on water
a: Smiting, Recall Orcish Followers, Give Item to Named Follower, Renounce
Religion, Evoke Invisibility


You were in a volcano.
You worshipped Beogh.
Beogh was extremely pleased with you.
You visited 2 branches of the dungeon, and saw 14 of its levels.
You also visited: Volcano.

You collected 1242 gold pieces.
You spent 194 gold pieces at shops.

Inventory:

Hand Weapons
 a - a +0 war axe (weapon)
 E - the +1 spear "Sieh" {speed, rPois}
   (You found it on level 4 of the Dungeon)

   Attacks with this weapon are significantly faster.
   It protects you from poison.
 P - a +2 scimitar of flaming
 T - a +0 glaive
 X - a +0 bardiche
Missiles
 e - 537 stones
 h - 167 sling bullets
 m - a javelin
 q - a throwing net
 s - 2 datura-tipped darts
 x - 14 boomerangs (quivered)
 H - 99 bolts
 I - 82 poisoned darts
Armour
 c - a +0 kite shield (worn)
 i - a +1 pair of boots (worn)
 t - a scarf of invisibility (worn)
 z - a +0 chain mail of cold resistance
 U - a +2 plate armour of poison resistance (worn)
 Y - a +2 helmet (worn)
Jewellery
 p - an amulet of guardian spirit (around neck)
 w - an uncursed ring of see invisible
 L - an uncursed ring of ice
 Q - a +4 ring of protection (left hand)
 V - a +4 ring of protection (right hand)
 Z - a +6 ring of dexterity
Wands
 b - a wand of digging (10)
 d - a wand of random effects (23)
 r - a wand of paralysis (10)
 A - a wand of polymorph (11)
 D - a wand of disintegration (4)
 N - a wand of flame (38)
 R - a wand of enslavement (10)
 W - a wand of acid (2)
Scrolls
 g - 3 scrolls of teleportation
 j - 3 scrolls of enchant weapon
 n - 2 scrolls of fear
 u - 2 scrolls of enchant armour
 y - 2 scrolls of magic mapping
 B - a scroll of blinking
 F - a scroll of amnesia
 K - 4 scrolls of remove curse
Potions
 f - 7 potions of curing
 k - 4 potions of haste
 l - a potion of flight
 o - 5 potions of mutation
 v - a potion of magic {unknown}
 C - 4 potions of stabbing
 G - 2 potions of lignification
 J - 4 potions of brilliance
 M - 2 potions of heal wounds
 O - a potion of might
 S - a potion of resistance {unknown}


   Skills:
 + Level 10.3 Fighting
 * Level 14.4 Axes
 + Level 9.5 Armour
 + Level 1.0 Dodging
 + Level 9.4 Shields
 * Level 13.8 Invocations
 - Level 5.0 Evocations


You had 12 spell levels left.
You didn't know any spells.
Your spell library contained the following spells:

 Spells                   Type           Power        Failure   Level
 Apportation              Tloc           #.....       100%        1
 Corona                   Hex            #......      100%        1
 Freeze                   Ice            #...         100%        1
 Magic Dart               Conj           #...         100%        1
 Blink                    Tloc           N/A          100%        2
 Call Imp                 Summ           #.......     100%        2
 Poisonous Vapours        Pois/Air       #.....       100%        2
 Slow                     Hex            #.......     100%        2
 Conjure Flame            Conj/Fire      #.......     100%        3
 Frozen Ramparts          Ice            #.....       100%        3
 Inner Flame              Hex/Fire       #.......     100%        3
 Lesser Beckoning         Tloc           #.........   100%        3
 Mephitic Cloud           Conj/Pois/Air  #.......     100%        3
 Ozocubu's Armour         Ice            #.......     100%        3
 Portal Projectile        Hex/Tloc       #.....       100%        3
 Tukima's Dance           Hex            #.......     100%        3
 Cause Fear               Hex            #.........   100%        4
 Hailstorm                Conj/Ice       #.......     100%        4
 Leda's Liquefaction      Hex/Erth       #.........   100%        4
 Summon Ice Beast         Ice/Summ       #.......     100%        4
 Alistair's Intoxication  Tmut/Pois      #........    100%        5
 Freezing Cloud           Conj/Ice/Air   #.........   100%        6
 Invisibility             Hex            #.......     100%        6


Dungeon Overview and Level Annotations

Branches:
Dungeon (11/15)            Temple (0/1) D:5            Lair (3/6) D:8
  Swamp (0/4) Lair:2        Snake (0/4) Lair:3      Volcano (1/1)
    Orc: D:9-12

Altars:
Ashenzari
Cheibriados
Fedhas
Gozag
Hepliaklqana
Kikubaaqudgha
Makhleb
Okawaru
Qazlal
Trog
Vehumet
Wu Jian
Beogh

Shops:
D:7 (?   D:9 :   D:10 :

Annotations:
D:2 exclusion: door
D:8 Harold
D:11 exclusion: door


Message History

The bolt of fire hits you but does no damage.
You hit the fire elemental.
The fire elemental is severely damaged.
You are engulfed in blazing flames.
* * * LOW HITPOINT WARNING * * *
You block the fire elemental's attack.
Unknown command.
You block the fire elemental's attack.
Unknown command.
You hit the fire elemental.
The fire elemental is severely damaged.
The fire elemental hits you. The fire elemental burns you!
* * * LOW HITPOINT WARNING * * *
Unknown command.
You closely miss the fire elemental.
The fire elemental is severely damaged.
The efreet gestures at you.
The bolt of fire hits the fire elemental.
The fire elemental completely resists.
The bolt of fire hits you!
You die...

##### #...## ##°°..# ####
#.°v≈°## ## ###..##
#.o°≈.°## ○○# ##....#
##.°°°≈.°# ...#
#..≈..###.°≈≈°v..# .°≈..
'.≈≈≈..o#°≈≈≈≈≈≈@##○.≈≈≈.
#≈≈≈§≈≈o☼##≈##≈##ER○≈°°°≈
#≈§§≈≈##############≈≈°°≈
#######)'# #≈# '##
##.##..≈k.≈ #.###.##
.≈k≈≈ #.)...# ≈≈≈≈
##...## ≈≈. ##### ≈.


You could see an efreet, a fire elemental, 2 fire vortices and the friendly
Olfik the orc knight.

Vanquished Creatures
  A boulder beetle (D:10)
  A two-headed ogre (D:11)
  A death yak (Lair:2)
  A cyclops (D:6)
  3 elephants (Lair:2)
  2 cane toads (Lair:2)
  2 molten gargoyles (Volcano)
  A rime drake (Lair:2)
  An efreet (Volcano)
  8 komodo dragons
  A troll (D:6)
  Grinder (D:6)
  A hornet (D:11)
  A bog body (Lair:2)
  2 blink frogs (Lair:2)
  Prince Ribbit (D:6)
  2 wyverns
  A wraith (D:10)
  9 yaks
  A vampire (D:10)
  3 basilisks
  3 fire elementals (Volcano)
  Menkaure (D:6)
  A soldier ant (D:11)
  A swamp worm (Lair:2)
  7 water moccasins
  3 orc warriors
  4 sky beasts
  2 black bears (D:9)
  4 ice beasts
  6 ogres
  6 phantoms
  2 eyes of draining
  6 centaurs
  5 wolves
  2 big kobolds
  An earth elemental (Volcano)
  6 bullfrogs
  A wyvern zombie (D:8)
  A water moccasin zombie (D:4)
  7 killer bees
  4 wights (D:6)
  3 electric eels
  4 howler monkeys (D:8)
  A bullfrog zombie (D:8)
  6 orc priests
  4 hounds
  A jelly (D:10)
  4 bullfrog skeletons
  A centaur skeleton (D:6)
  A gnoll shaman (D:7)
  9 orc wizards
  11 iguanas
  3 worker ants
  2 hound zombies
  8 gnolls
  11 adders
  2 shadow imps
  3 white imps
  3 ufetubi
  2 oozes
  2 adder skeletons
  An adder zombie (D:10)
  4 worms
  2 dart slugs
  14 leopard geckos
  48 orcs
  4 giant cockroaches
  A goblin (D:3)
  4 hobgoblins
  13 jackals
  5 quokkas
  A ball python (D:2)
  8 bats
  11 frilled lizards
  17 kobolds
  A leopard gecko zombie (D:9)
  A quokka skeleton (D:5)
  4 rats
337 creatures vanquished.

Vanquished Creatures (collateral kills)
  A hydra (Lair:2)
  Fannar (D:10)
  A two-headed ogre (D:11)
  Nergalle (Lair:3)
  An ugly thing (D:11)
  2 elephants (Lair:2)
  A black mamba (Lair:1)
  2 cane toads (Lair:1)
  A centaur skeleton (D:11)
  2 komodo dragons (Lair:2)
  A bog body (Lair:2)
  A wraith (D:11)
  A spriggan (D:9)
  A fire elemental (Volcano)
  A water elemental (D:11)
  2 yaks (Lair:2)
  A basilisk (Lair:2)
  A water moccasin (Lair:1)
  2 orc warriors
  An ice beast (D:11)
  An ogre (D:10)
  4 wolves
  4 bullfrogs
  A scorpion (D:11)
  4 killer bees (D:9)
  3 electric eels (D:11)
  4 iguanas
  A worker ant (D:10)
  2 gnolls (D:10)
  A white imp (D:10)
  2 leopard geckos (Lair:2)
  5 orcs
  3 frilled lizards (Lair:2)
60 creatures vanquished.

Vanquished Creatures (others)
  An orc knight (D:11)
  An orc warrior (D:10)
  A swamp drake (Lair:2)
  3 orc priests (D:3)
  2 orc wizards
  An iguana (D:10)
  A leopard gecko (Lair:2)
  12 orcs
  2 frilled lizards (Lair:2)
  21 fungi
  52 plants
97 creatures vanquished.

Grand Total: 494 creatures vanquished

Notes
Turn   | Place    | Note
-------+----------+-------------------------------------------
     0 | D:1      | demenzo the Hill Orc Fighter began the quest for the Orb.
     0 | D:1      | Reached XP level 1. HP: 19/19 MP: 1/1
    86 | D:1      | Reached skill level 3 in Axes
    99 | D:1      | Reached XP level 2. HP: 12/27 MP: 2/2
   587 | D:1      | Reached XP level 3. HP: 26/33 MP: 3/3
  1162 | D:2      | Reached skill level 4 in Axes
  1162 | D:2      | Reached XP level 4. HP: 31/40 MP: 4/4
  1942 | D:3      | Found a roughly hewn altar of Beogh.
  1943 | D:3      | Became a worshipper of Beogh the Brigand
  2741 | D:3      | Reached skill level 1 in Invocations
  2741 | D:3      | Reached XP level 5. HP: 34/47 MP: 5/5
  3440 | D:4      | Reached skill level 5 in Axes
  3440 | D:4      | Reached XP level 6. HP: 40/53 MP: 7/7
  3528 | D:4      | Got a shimmering spear
  3712 | D:4      | Noticed a phantom
  3744 | D:4      | Killed a phantom
  3963 | D:4      | Found an ornate altar of the Wu Jian Council.
  4056 | D:5      | Entered Level 5 of the Dungeon
  4149 | D:5      | Found a radiant altar of Vehumet.
  4156 | D:5      | Found an iron altar of Okawaru.
  4266 | D:5      | Reached * piety under Beogh
  4619 | D:5      | Reached skill level 5 in Fighting
  4630 | D:5      | Reached skill level 6 in Axes
  4630 | D:5      | Reached XP level 7. HP: 16/61 MP: 9/9
  5116 | D:5      | Identified the +1 spear "Sieh" {speed, rPois} (You found it
                  | on level 4 of the Dungeon)
  5139 | D:5      | Found a staircase to the Ecumenical Temple.
  5755 | D:6      | Noticed Menkaure
  5767 | D:6      | Killed Menkaure
  5767 | D:6      | Reached skill level 5 in Shields
  5767 | D:6      | Reached skill level 5 in Invocations
  5767 | D:6      | Reached XP level 8. HP: 13/69 MP: 2/11
  6048 | D:6      | Noticed Grinder
  6055 | D:6      | Paralysed by Grinder for 7 turns
  6072 | D:6      | Killed Grinder
  6072 | D:6      | Reached skill level 7 in Axes
  6072 | D:6      | Reached skill level 5 in Armour
  6318 | D:6      | Found an ancient bone altar of Kikubaaqudgha.
  7009 | D:6      | Noticed a troll
  7087 | D:6      | Found a stormy altar of Qazlal.
  7098 | D:6      | Found a hazy altar of Hepliaklqana.
  7113 | D:6      | Reached skill level 8 in Axes
  7309 | D:6      | Found a blossoming altar of Fedhas.
  7350 | D:6      | Reached XP level 9. HP: 77/77 MP: 14/14
  7382 | D:6      | Noticed a cyclops
  7775 | D:6      | Killed a cyclops
  7775 | D:6      | Reached skill level 9 in Axes
  7997 | D:6      | Reached ** piety under Beogh
  8035 | D:6      | HP: 2/78 [troll (6)]
  8375 | D:6      | Killed a troll
  8881 | D:6      | Noticed Prince Ribbit
  9021 | D:6      | Killed Prince Ribbit
  9455 | D:7      | Reached skill level 10 in Axes
  9744 | D:6      | Reached XP level 10. HP: 40/86 MP: 13/16
 10013 | D:7      | Found Aqiug's Magic Scroll Boutique.
 10019 | D:7      | Bought a scroll of enchant weapon for 97 gold pieces
 10019 | D:7      | Bought a scroll of magic mapping for 45 gold pieces
 10019 | D:7      | Bought a scroll of identify for 26 gold pieces
 10019 | D:7      | Bought a scroll of identify for 26 gold pieces
 10023 | D:7      | Found Ruval's Book Shoppe.
 10060 | D:7      | Found an opulent altar of Gozag.
 10139 | D:7      | Found Ixtehe's Weapon Emporium.
 10449 | D:8      | Found a snail-covered altar of Cheibriados.
 10654 | D:8      | Found a staircase to the Lair.
 11460 | D:8      | Found a burning altar of Makhleb.
 11773 | D:8      | Reached *** piety under Beogh
 11782 | D:8      | Found a roughly hewn altar of Beogh.
 11950 | D:9      | Found Coesogg's Book Emporium.
 11950 | D:9      | Noticed Harold
 12572 | D:9      | Found a broken altar of Ashenzari.
 12678 | D:9      | Reached skill level 10 in Invocations
 12752 | D:9      | Reached skill level 11 in Axes
 12926 | D:9      | Found a bloodstained altar of Trog.
 13712 | D:10     | Entered Level 10 of the Dungeon
 13730 | D:9      | Reached skill level 1 in Evocations
 13746 | D:9      | Reached **** piety under Beogh
 13839 | D:9      | Noticed a rust devil
 13839 | D:9      | Noticed a rust devil
 13945 | D:10     | Noticed Fannar
 13947 | D:10     | Reached XP level 11. HP: 73/95 MP: 16/19
 13953 | D:10     | Killed Fannar
 14669 | D:10     | Reached skill level 12 in Axes
 15201 | D:11     | Noticed a two-headed ogre
 15202 | D:11     | Noticed a boulder beetle
 15208 | D:11     | Killed a two-headed ogre
 15209 | D:11     | Noticed a two-headed ogre
 15215 | D:11     | Gained Bogbarth as an ally
 15223 | D:11     | Killed a two-headed ogre
 15232 | D:11     | Noticed a cyan ugly thing
 15250 | D:11     | Your ally Bogbarth died
 15650 | D:10     | Killed a boulder beetle
 15986 | D:11     | Killed a cyan ugly thing
 16028 | D:11     | Gained Bogmar as an ally
 16857 | Lair:1   | Entered Level 1 of the Lair of Beasts
 16892 | Lair:1   | You fall into a shaft and drop 1 floor!
 16901 | Lair:2   | Noticed a seven-headed hydra
 17035 | Lair:1   | Reached XP level 12. HP: 96/104 MP: 21/21
 17142 | Lair:1   | You fall into a shaft and drop 1 floor!
 17159 | Lair:2   | Reached skill level 13 in Axes
 18558 | Lair:2   | Killed an eight-headed hydra
 19325 | Lair:2   | Reached ***** piety under Beogh
 19426 | Lair:2   | Reached skill level 10 in Fighting
 19463 | Lair:2   | Reached skill level 14 in Axes
 19804 | Lair:2   | Found a staircase to the Swamp.
 19997 | Lair:2   | Noticed a death yak
 20016 | Lair:2   | Killed a death yak
 20023 | Lair:2   | Reached skill level 5 in Evocations
 20356 | Lair:3   | Noticed Nergalle
 20368 | Lair:3   | Killed Nergalle
 20368 | Lair:3   | Reached XP level 13. HP: 110/113 MP: 17/23
 20369 | Lair:3   | Found a dark tunnel.
 20397 | Volcano  | Entered a volcano
 20996 | Volcano  | Gained Olfik as an ally
 21005 | Volcano  | Reached skill level 1 in Dodging
 21035 | Volcano  | Killed from afar by an efreet

Illustrated notes

Levels and vault maps discovered:
D:1:      dpeg_arrival_water_temple_mockup, layout_basic
D:2:      layout_loops_ring, lemuel_blue_sif_altar,
          chequers_serial_rivers_small_3
D:3:      layout_basic, kennysheep_orc_chapel
D:4:      layout_rooms, kennysheep_little_box, nrook_uturn
D:5:      layout_basic, amethyst_overflow_temple_binary,
          minmay_temple_entry_gardened_gates
D:6:      layout_loops_ring, kennysheep_mini_moat,
          chequers_temple_overflow_statue_of_worship, basic_altar, st_stairs_12,
          minmay_manual_mandibuliform, uniq_prince_ribbit1, uniq_grinder,
          uniq_menkaure
D:7:      layout_cave_pools, grunt_gozag_statues, serial_shops,
          nicolae_shop_temple_entry_statues_fountains,
          nicolae_shop_behind_doors, shop_fountains
D:8:      layout_basic, bloody_makhleb, overflow_temple_1_default,
          david_lair_shrubbed, special_room [special_room_orc]
D:9:      cheibrodos_iron_armory, layout_basic, trog_ov_bears_minmay,
          ashenzari_conservatory_becter, serial_shops, shop, the_bakery,
          uniq_harold
D:10:     layout_loops_ring, patterned_corridor, uniq_fannar
D:11:     minmay_slanted_spiral_squares, layout_basic, minmay_misc_feat_five
Lair:1:   layout_long_grid
Lair:2:   lemuel_reptile_caves, layout_regular_city,
          nicolae_swamp_entry_splash_gauntlet, chequers_serial_rivers_micro_b,
          hangedman_lair_generics_rect
Lair:3:   layout_cellular_growth, minmay_snake_entry_guardpost_small,
          enter_volcano_1, chequers_serial_rivers_large_b,
          gammafunk_lair_bear_cave, minmay_lair_oklob_chamber, uniq_nergalle,
          uniq_gastronok
Volcano:  volcano_aerie

Skill      XL: |  1  2  3  4  5  6  7  8  9 10 11 12 13 |
---------------+----------------------------------------+-----
Axes           | 3 4 5 6 8 10 11 12 14 | 14.4
Fighting       | 4 5 6 7 8 9 10 | 10.3
Shields        | 4 5 6 7 8 9 |  9.4
Invocations    | 1 2 3 5 6 9 10 12 13 | 13.8
Armour         | 4 5 6 7 8 9 |  9.5
Evocations     | 1 3 5 |  5.0
Dodging        | 1 |  1.0

Action                   |  1- 3 |  4- 6 |  7- 9 | 10-12 | 13-15 || total
-------------------------+-------+-------+-------+-------+-------++-------
Melee: War axe           |   119 |   217 |   341 |   969 |    92 ||  1738
Throw: Javelin           |       |       |     7 |       |       ||     7
       Boomerang         |       |       |     8 |       |       ||     8
       Dart              |       |       |     2 |       |       ||     2
Invok: Convert to Beogh  |       |     1 |       |       |       ||     1
       Smiting           |       |       |     1 |    11 |       ||    12
       Recall Orcish Fol |       |       |       |     3 |       ||     3
 Abil: Evoke Invisibilit |       |     1 |       |       |       ||     1
Evoke: Wand              |       |       |     9 |     4 |       ||    13
  Use: Scroll            |       |     2 |     8 |    18 |       ||    28
       Potion            |       |       |     2 |       |       ||     2
 Stab: Invisible         |       |     2 |       |       |       ||     2
       Paralysed         |       |       |    11 |       |       ||    11
       Confused          |       |       |       |     3 |       ||     3
       Distracted        |       |       |       |     2 |       ||     2
Armor: Scale mail        |    77 |    20 |       |       |       ||    97
       Chain mail        |       |   110 |   180 |    15 |       ||   305
       Plate armour      |       |       |       |   505 |    43 ||   548
Dodge: Dodged            |    42 |    64 |    76 |   143 |     5 ||   330
Block: Kite shield       |    81 |   130 |   181 |   495 |    33 ||   920

Table legend: (Time is in decaauts)
 A = Elapsed time spent in this place.
 B = Non-inter-level travel time spent in this place.
 C = Inter-level travel time spent in this place.
 D = Time resting spent in this place.
 E = Time spent auto-exploring this place.
 F = Levels seen in this place.
 G = Mean time per level.
                   A        B        C        D        E       F      G
               +--------+--------+--------+--------+--------+-----+--------+
         Total |  21233 |  20451 |    782 |   7549 |   8812 |  15 | 1415.5 |
       Dungeon |  17102 |  16381 |    721 |   6293 |   6874 |  11 | 1554.7 |
          Lair |   3509 |   3449 |     60 |    815 |   1938 |   3 | 1169.7 |
       Volcano |    621 |    621 |      0 |    440 |      0 |   1 |  621.0 |
               +--------+--------+--------+--------+--------+-----+--------+

Top non-repeatable levels by time:
     D:6: 3011 daAuts
     D:5: 2505 daAuts
  Lair:2: 2431 daAuts
     D:8: 1898 daAuts
    D:10: 1821 daAuts
     D:9: 1500 daAuts
     D:2: 1272 daAuts
     D:3: 1169 daAuts
  Lair:1: 1028 daAuts
    D:11: 1021 daAuts
     D:7: 1006 daAuts
     D:4: 984 daAuts
     D:1: 912 daAuts
 Volcano: 621 daAuts
  Lair:3: 49 daAuts
